 Dungeon Crawl Stone Soup version 0.29.1-1-gd02db6906a (webtiles) character file.

Game seed: 7756348849142599162

136 MisterFreud the Twirler (level 5, 0/38 HPs)
             Began as a Formicid Gladiator on Oct 9, 2022.
             Slain by an iguana (9 damage)
             ... on level 5 of the Dungeon.
             The game lasted 00:02:12 (2419 turns).

MisterFreud the Twirler (Formicid Gladiator)        Turns: 2419, Time: 00:02:12

Health: 0/38       AC:  4    Str: 21    XL:     5   Next: 43%
Magic:  5/5        EV: 12    Int:  7    God:
Gold:   114        SH:  0    Dex: 15    Spells: 4/4 levels left

rFire   . . .      SeeInvis +   a - +0 quarterstaff
rCold   . . .      Faith    .   (no shield)
rNeg    . . .      Spirit   .   b - +1 leather armour
rPois   .          Reflect  .   (helmet unavailable)
rElec   .          Harm     .   (no cloak)
rCorr   .          Rampage  .   (no gloves)
Will    .....                   (no boots)
Stlth   +.........              (no amulet)
HPRegen 0.12/turn               j - ring of flight
MPRegen 0.09/turn               (no ring)

@: flying
A: permanent stasis, dig shafts and tunnels, antennae 3, four strong arms
a: Dig, Shaft Self


You were on level 5 of the Dungeon.
You visited 1 branch of the dungeon, and saw 4 of its levels.

You collected 114 gold pieces.

Inventory:

Hand Weapons
 a - a +0 quarterstaff (weapon)
Missiles
 c - 3 throwing nets (quivered)
 d - a javelin
Armour
 b - a +1 leather armour (worn)
Jewellery
 j - a ring of flight (left hand)
Scrolls
 g - a scroll of butterflies
 h - 2 scrolls of identify
Potions
 e - a potion of curing
 f - a potion of ambrosia


   Skills:
 - Level 2.1 Fighting
 + Level 5.7 Staves
 - Level 2.0 Throwing
 - Level 2.6 Dodging


You had 4 spell levels left.
You didn't know any spells.
Your spell library contained the following spells:

 Spells                   Type           Power      Damage    Failure   Level
 Necrotise                Necr           0%         1d4       47%         1
 Sting                    Tmut/Pois      0%         1d3       47%         1
 Poisonous Vapours        Pois/Air       0%         N/A       63%         2
 Vampiric Draining        Necr           0%         2d6       85%         3
 Olgreb's Toxic Radiance  Pois           0%         N/A       99%         4
 Agony                    Necr           0%         N/A       100%        5


Dungeon Overview and Level Annotations

Branches:
Dungeon (3/15)

Altars:

Annotations:
D:3 p0werm0de's ghost, weakling MeEE


Innate Abilities, Weirdness & Mutations

You cannot be hasted, slowed, berserked, paralysed or teleported.
You can dig through walls and to a lower floor.
You have a pair of large antennae on your head. (SInv)
Your four strong arms can wield two-handed weapons with a shield.


Message History

You hit the rat but do no damage.
You feel sick. The rat barely misses you.
You hit the rat.
You kill the rat!
You feel sick.
Are you sure you want to shaft yourself?
You feel sick. The rat closely misses you.
You begin to dig a shaft.
You continue digging a shaft.
You feel sick.
You are no longer poisoned.
The rat closely misses you. A shaft appears beneath you!
You are sucked into a shaft and drop 2 floors!
The shaft crumbles and collapses.
Unknown command.
You start resting.
HP restored.
You sense a monster nearby.
An iguana comes into view.
The iguana bites you!
You barely miss the iguana. The iguana bites you.
You barely miss the iguana.
The iguana bites you but does no damage.
You hit the iguana.
The iguana is lightly wounded.
The iguana closely misses you.
You barely miss the iguana.
The iguana is lightly wounded.
The iguana barely misses you.
You hit the iguana but do no damage.
The iguana is lightly wounded.
The iguana bites you!
You hit the iguana.
The iguana is moderately wounded.
The iguana bites you!
* * * LOW HITPOINT WARNING * * *
You are too injured to fight recklessly!
You closely miss the iguana.
The iguana is moderately wounded.
The iguana bites you!
You die...

... ##.##
#...# ...
... #.#
#l# ##
#@##.##
##.#...###
..
+.........
..
##.#...###
.# #.##.##
.# #.# ##
.#
#.######
.## #+
#......#
..# ##.
######.#


You could see an iguana.

Vanquished Creatures
  Natasha (thrice) (D:2)
  An adder (D:3)
  A gnoll (D:1)
  A dart slug (D:3)
  4 bats
  4 endoplasms
  A giant cockroach (D:2)
  6 goblins
  2 hobgoblins
  2 jackals (D:1)
  3 quokkas
  4 ball pythons
  2 frilled lizards
  2 kobolds
  6 rats
42 creatures vanquished.

Notes
Turn   | Place    | Note
-------+----------+-------------------------------------------
     0 | D:1      | MisterFreud the Formicid Gladiator began the quest for the
                  | Orb.
     0 | D:1      | Reached XP level 1. HP: 16/16 MP: 1/1
    98 | D:1      | Reached XP level 2. HP: 16/22 MP: 2/2
   308 | D:1      | Reached skill level 4 in Staves
   308 | D:1      | Reached XP level 3. HP: 23/27 MP: 3/3
   935 | D:2      | Found a faded altar of an unknown god.
  1021 | D:2      | Noticed Natasha
  1031 | D:2      | Killed Natasha
  1032 | D:2      | Reached XP level 4. HP: 29/33 MP: 4/4
  1098 | D:2      | Noticed Natasha
  1118 | D:2      | Killed Natasha
  1119 | D:2      | Reached skill level 5 in Staves
  1607 | D:2      | Noticed Natasha
  1616 | D:2      | Killed Natasha
  1617 | D:2      | Reached XP level 5. HP: 10/38 MP: 5/5
  2028 | D:3      | Noticed p0werm0de's ghost (weakling MeEE)
  2073 | D:3      | You are sucked into a shaft and drop 2 floors!
  2073 | D:5      | Entered Level 5 of the Dungeon
  2419 | D:5      | Slain by an iguana

Illustrated notes

Levels and vault maps discovered:
D:1:      lemuel_arrival_funnel, layout_rooms
D:2:      layout_loops_ring, basic_ecumenical_altar, grunt_ministairs_5,
          uniq_natasha
D:3:      layout_basic, kennysheep_slug_shrine, gammafunk_ghost_abyssal_escape,
          uniq_robin
D:5:      layout_loops_corners, nemelex_dance_club_becter,
          trog_three_pillars_becter, kennysheep_generic_room_15

Skill      XL: |  1  2  3  4 |
---------------+-------------+-----
Staves         | 4 5 |  5.7
Fighting       | |  2.1
Throwing       | |  2.0
Dodging        | |  2.6

Action                   |  1- 3 |  4- 6 || total
-------------------------+-------+-------++-------
Melee: Quarterstaff      |    90 |    57 ||   147
       Punch             |       |     3 ||     3
 Abil: Shaft Self        |       |     1 ||     1
  Use: Scroll            |     4 |     3 ||     7
Armor: Leather armour    |    28 |    10 ||    38
Dodge: Dodged            |    53 |    38 ||    91
